 Dungeon Crawl Stone Soup version 0.19-a0-1738-gbb2db12 (webtiles) character file.

3133 Naow the Severer (level 9, -12/79 HPs)
             Began as a Minotaur Berserker on Oct 1, 2016.
             Was a Priest of Trog.
             Mangled by a polar bear (15 damage)
             ... on level 8 of the Dungeon.
             The game lasted 00:10:01 (4188 turns).

Naow the Severer (Minotaur Berserker)               Turns: 4188, Time: 00:10:02

Health: -12/79     AC:  9    Str: 22    XL:     9   Next: 61%
Magic:  8/8        EV: 18    Int:  7    God:    Trog [***...]
Gold:   282        SH:  0    Dex: 15    Spells: 0 memorised, 8 levels left

rFire  + . .     SeeInvis +     a - +0 hand axe
rCold  + . .     Gourm    .     D - +0 ring mail (curse)
rNeg   + . .     Faith    .     (no shield)
rPois  +         Spirit   .     (helmet restricted)
rElec  +         Dismiss  .     (no cloak)
rCorr  +         Reflect  .     z - +2 pair of gloves
MR     ++...     Harm     .     (no boots)
Stlth  +.........               (no amulet)
                                F - ring of see invisible
                                q - ring of positive energy

@: confused, agile, exhausted, resistant, regenerating, slowed, very slow
A: retaliatory headbutt, horns 2
a: Berserk, Trog's Hand, Burn Spellbooks, Renounce Religion


You were on level 8 of the Dungeon.
You worshipped Trog.
Trog was most pleased with you.
You were hungry.

You visited 1 branch of the dungeon, and saw 6 of its levels.

You collected 282 gold pieces.

Inventory:

Hand Weapons
 a - a +0 hand axe (weapon)
Armour
 b - a +0 animal skin
 p - a +0 pair of gloves
 u - a +0 chain mail
 z - a +2 pair of gloves (worn)
 D - a cursed +0 ring mail (worn)
 G - a cursed +0 ring mail
Jewellery
 q - a ring of positive energy (left hand)
 F - a ring of see invisible (right hand)
Wands
 x - a wand of digging (9/24)
Scrolls
 e - a scroll of fear {unknown}
 h - 5 scrolls of identify {unknown}
 i - a scroll of random uselessness {unknown}
 j - 2 scrolls of teleportation {unknown}
 n - a scroll of noise {unknown}
 o - a scroll of amnesia {unknown}
 r - a scroll of enchant armour {unknown}
 v - a scroll of blinking {unknown}
 y - 2 scrolls of magic mapping {unknown}
 A - a scroll of remove curse {unknown}
Potions
 f - a potion of resistance
 s - a potion of agility
 w - a potion of haste {unknown}
 B - a potion of cancellation {unknown}
 C - a potion of heal wounds {unknown}
 E - a potion of degeneration {unknown}
Comestibles
 c - 3 bread rations
 d - 2 meat rations
 g - a royal jelly
 t - a slice of pizza
 H - a chunk of flesh


   Skills:
 + Level 7.1 Fighting
 + Level 15.7 Axes
 + Level 5.4 Armour
 + Level 4.1 Dodging
 + Level 2.1 Stealth


You had 8 spell levels left.
You didn't know any spells.

Dungeon Overview and Level Annotations

Branches:
Dungeon (5/15)             Temple (0/1) D:5

Altars:
Makhleb
Nemelex Xobeh
Sif Muna


Innate Abilities, Weirdness & Mutations

You reflexively headbutt those who attack you in melee.
You have a pair of horns on your head.


Message History

* * * LOW HITPOINT WARNING * * *
The polar bear bites you.
* * * LOW HITPOINT WARNING * * *
The polar bear misses you. The polar bear barely misses you.
The polar bear completely misses you. The polar bear misses you. x2
The white imp barely misses you. The polar bear bites you!
* * * LOW HITPOINT WARNING * * *
The polar bear barely misses you. The polar bear completely misses you.
You enter the shallow water.
Moving in this stuff is going to be slow.
The polar bear bites you!
* * * LOW HITPOINT WARNING * * *
The polar bear closely misses you. The polar bear claws you.
* * * LOW HITPOINT WARNING * * *
The white imp gestures at you. The puff of frost misses you.
The polar bear completely misses you. The polar bear claws you.
* * * LOW HITPOINT WARNING * * *
The polar bear closely misses you. The polar bear bites you!
You die...

#.# ####....#### #.#
#####............. #.##
##.......≈≈≈≈≈≈≈....
#..###......≈≈≈.≈≈≈≈≈≈...
#...##..≈≈≈.≈≈.$.....≈.≈≈
........≈≈≈....∩..∩....≈≈
#...###.≈≈≈≈..........≈≈≈
...####....≈≈.≈≈≈≈.≈≈≈≈≈≈
.....####......≈@h≈.≈≈≈≈.
#..#......#......h.......
...#.#########..#5..#####
.#.#.# #.###.## ...#.#
##. ## .###.# #. .....#
.# .##### .#


You could see 2 polar bears and a white imp.

Vanquished Creatures
  Prince Ribbit (D:5)
  A yak (D:8)
  Eustachio (D:5)
  Edmund (D:5)
  Duvessa (D:4)
  An ice beast (D:8)
  A bullfrog (D:8)
  A wyvern zombie (D:8)
  Dowan (D:4)
  A scorpion (D:4)
  A howler monkey (D:4)
  A centaur skeleton (D:4)
  A jelly (D:5)
  An orc priest (D:4)
  A wyvern simulacrum (D:8)
  2 orc wizards (D:4)
  Natasha (D:4)
  6 worker ants
  The ghost of vetinari the Chopper, a weakling VSMo (D:4)
  4 adders
  A hound simulacrum (D:8)
  A shadow imp (D:5)
  2 ufetubi (D:8)
  An ooze (D:3)
  An adder skeleton (D:8)
  3 worms
  5 leopard geckos
  11 orcs
  2 ball pythons
  4 bats
  5 giant cockroaches
  5 goblins
  5 hobgoblins
  9 jackals
  6 kobolds
  A quokka (D:2)
  2 frilled lizards
  2 leopard gecko simulacra (D:8)
  3 rats
98 creatures vanquished.

Notes
Turn   | Place    | Note
-------+----------+-------------------------------------------
     0 | D:1      | Naow the Minotaur Berserker began the quest for the Orb.
     0 | D:1      | Reached XP level 1. HP: 19/19 MP: 0/0
    99 | D:1      | Reached XP level 2. HP: 8/27 MP: 1/1
   802 | D:2      | Reached skill level 4 in Axes
   802 | D:2      | Reached XP level 3. HP: 23/34 MP: 2/2
   806 | D:2      | Reached ** piety under Trog
  1421 | D:2      | Reached XP level 4. HP: 41/41 MP: 3/3
  1641 | D:3      | Found a sparkling altar of Nemelex Xobeh.
  1984 | D:3      | Reached skill level 5 in Axes
  2151 | D:3      | Reached skill level 5 in Fighting
  2345 | D:4      | Noticed Natasha
  2352 | D:4      | Killed Natasha
  2352 | D:4      | Reached XP level 5. HP: 48/48 MP: 4/4
  2424 | D:4      | Noticed vetinari's ghost (weakling VSMo)
  2449 | D:4      | Killed vetinari's ghost
  2455 | D:4      | Reached skill level 1 in Stealth
  2536 | D:4      | Reached XP level 6. HP: 53/56 MP: 5/5
  2611 | D:4      | Noticed Duvessa
  2611 | D:4      | Noticed Dowan
  2621 | D:4      | Killed Duvessa
  2621 | D:4      | Reached skill level 6 in Axes
  2622 | D:4      | Killed Dowan
  2675 | D:4      | Reached *** piety under Trog
  2717 | D:4      | Reached XP level 7. HP: 51/63 MP: 6/6
  3027 | D:5      | Entered Level 5 of the Dungeon
  3078 | D:5      | Reached skill level 7 in Axes
  3197 | D:5      | Found a staircase to the Ecumenical Temple.
  3274 | D:5      | Noticed Eustachio
  3300 | D:5      | Killed Eustachio
  3336 | D:5      | Found a deep blue altar of Sif Muna.
  3390 | D:5      | Noticed Edmund
  3391 | D:5      | Noticed Prince Ribbit
  3398 | D:5      | Killed Edmund
  3398 | D:5      | Reached skill level 8 in Axes
  3402 | D:5      | Killed Prince Ribbit
  3402 | D:5      | Reached XP level 8. HP: 71/71 MP: 7/7
  3518 | D:5      | Found a burning altar of Makhleb.
  3781 | D:5      | You fall through a shaft for 3 floors!
  3942 | D:8      | Reached skill level 5 in Armour
  3955 | D:8      | Reached skill level 9 in Axes
  4174 | D:8      | Noticed a polar bear
  4175 | D:8      | Noticed a polar bear
  4184 | D:8      | Reached skill level 15 in Axes
  4184 | D:8      | Reached XP level 9. HP: 5/79 MP: 8/8
  4185 | D:8      | HP: 3/79 [polar bear (4)]
  4188 | D:8      | Mangled by a polar bear

Vault maps used:
D:1:      dpeg_arrival_brainrot
D:2:      first_bread
D:3:      nemelex_diamond_rough_becter
D:4:      uniq_duvessa, uniq_natasha
D:5:      nicolae_overflow_hidden_temple, lemuel_round_altar, uniq_edmund,
          uniq_prince_ribbit1, uniq_eustachio
D:8:      serial_ice, serial_ice_o, serial_ice_m, serial_ice_h, serial_ice_n,
          serial_ice_b, serial_ice_c, serial_ice_i, uniq_pikel

Skill      XL: |  1  2  3  4  5  6  7  8 |
---------------+-------------------------+-----
Fighting       | 4 5 6 7 |  7.1
Axes           | 4 5 6 8 15 | 15.7
Dodging        | 3 4 |  4.1
Stealth        | 1 2 |  2.1
Armour         | 3 4 5 |  5.4

Action                   |  1- 3 |  4- 6 |  7- 9 || total
-------------------------+-------+-------+-------++-------
Melee: Hand axe          |    68 |   100 |   114 ||   282
       Headbutt          |    10 |    18 |    34 ||    62
Invok: Berserk           |     2 |     3 |     4 ||     9
       Trog's Hand       |       |     1 |     2 ||     3
  Use: Potion            |       |       |     5 ||     5
 Stab: Sleeping          |     1 |       |       ||     1
  Eat: Chunk             |     4 |     7 |     9 ||    20
Armor: Animal skin       |     8 |     6 |       ||    14
       Chain mail        |       |    36 |    24 ||    60
       Ring mail         |       |       |    51 ||    51
Dodge: Dodged            |    58 |    45 |   118 ||   221
